 Dungeon Crawl Stone Soup version 0.32-a0-361-g289a535e89 (webtiles) character file.

Game seed: 4472037260742587211

396 AlmostDecent the Shooter (level 7, -3/52 HPs)
             Began as a Formicid Hunter on Feb 18, 2024.
             Was an Initiate of Hepliaklqana.
             Slain by Edmund
             ... wielding a +2 heavy flail
              (7 damage)
             ... on level 4 of the Dungeon.
             The game lasted 00:08:22 (2504 turns).

AlmostDecent the Shooter (Formicid Hunter)          Turns: 2504, Time: 00:08:23

Health: -3/52      AC:  3    Str: 16    XL:     7   Next: 9%
Magic:  7/7        EV: 12    Int:  8    God:    Hepliaklqana [......]
Gold:   136        SH:  0    Dex: 19    Spells: 6/6 levels left

rFire   . . .        k - +0 orcbow
rCold   . . .        (no shield)
rNeg    . . .        c - +0 leather armour
rPois   .            (helmet unavailable)
rElec   .            (no cloak)
rCorr   .            (no gloves)
SInv    +            (no boots)
Will    .....        (no amulet)
Stlth   ++           (no ring)
HPRegen 0.28/turn    (no ring)
MPRegen 0.10/turn

%: no passive effects
@: attractive, invisible
A: permanent stasis, dig shafts and tunnels, antennae 3, four strong arms
a: Dig, Shaft Self, Renounce Religion


You were on level 4 of the Dungeon.
You worshipped Hepliaklqana.
Hepliaklqana was noncommittal.
You visited 2 branches of the dungeon, and saw 5 of its levels.

You collected 136 gold pieces.

Inventory:

Hand Weapons
 k - a +0 orcbow (weapon)
Armour
 c - a +0 leather armour (worn)
Scrolls
 a - a scroll of vulnerability {unknown}
 b - a scroll of butterflies
 d - 2 scrolls of enchant weapon {unknown}
 e - a scroll of teleportation {unknown}
 f - 4 scrolls of identify {unknown}
 l - a scroll of amnesia {unknown}
 o - a scroll of fog {unknown}
Potions
 h - a potion of attraction
 i - a potion of brilliance {unknown}
 j - a potion of mutation {unknown}
 m - a potion of curing {unknown}
 n - a potion of cancellation {unknown}


   Skills:
 + Level 3.0 Fighting
 * Level 7.6 Ranged Weapons
 + Level 0.8 Armour
 + Level 1.8 Dodging
 + Level 1.3 Stealth


You had 6 spell levels left.
You didn't know any spells.
Your spell library contained the following spells:

 Spells                   Type           Power      Damage    Failure   Level
 Tukima's Dance           Hex            0%         N/A       85%         3
 Dimensional Bullseye     Hex/Tloc       0%         N/A       99%         4
 Iskenderun's Mystic Bla  Conj/Tloc      0%         2d3       99%         4


Dungeon Overview and Level Annotations

Branches:
Dungeon (4/15)             Temple (1/1) D:4

Altars:
Dithmenos
Elyvilon
Fedhas
Hepliaklqana
Qazlal
Ru
Trog
Uskayaw
Vehumet
Xom

Shops:
D:1 *[

Annotations:
D:4 Edmund


Innate Abilities, Weirdness & Mutations

You cannot be hasted, slowed, berserked, paralysed or teleported.
You can dig through walls and to a lower floor.
You have a pair of large antennae on your head. (SInv)
Your four strong arms can wield two-handed weapons with a shield.


Message History

Aim: a hound (48% to hit)
You shoot an arrow. The arrow hits the hound!
The hound is heavily wounded.
The hound bites you.
* * * LOW HITPOINT WARNING * * *
The hound stops to sniff the ground.
The hound closely misses you.
Fire: k) +0 orcbow
Press: ? - help, Q - select action, (/) - cycle Shift-Dir - straight line, f/p - hound
Aim: a hound (heavily wounded, 48% to hit)
You shoot an arrow. The arrow closely misses the hound.
The arrow hits Edmund!
Edmund is moderately wounded.
The hound bites you.
* * * LOW HITPOINT WARNING * * *
Fire: k) +0 orcbow
Press: ? - help, Q - select action, (/) - cycle Shift-Dir - straight line, f/p - hound
Aim: a hound (heavily wounded, 48% to hit)
You shoot an arrow. The arrow hits the hound.
The hound is severely wounded.
The hound bites you.
* * * LOW HITPOINT WARNING * * *
The hound barely misses you.
It was a potion of attraction.
You feel attractive to monsters. The hound bites you.
* * * LOW HITPOINT WARNING * * *
The hound bites you but does no damage.
It was a potion of invisibility.
You fade into invisibility!
The hound bites you.
* * * LOW HITPOINT WARNING * * *
Fire: k) +0 orcbow
Press: ? - help, Q - select action, (/) - cycle Shift-Dir - straight line, f/p - hound
Aim: a hound (heavily wounded, 48% to hit)
You shoot an arrow. The arrow hits the hound!
You kill the hound!
Edmund hits you with a +2 heavy flail!
You die...
Edmund says, "That'll show my brother!"
Hepliaklqana delivers you to your ancestors.

####### ......# .
......### ...
........############.....
......#.........@@†......
..#.#.##############.....
#................ ,...
...<.....######## {.
###..###.## ###...##..#
....#...#.#######
....###.#...<...#
....###.........#


You could see Edmund (unable to see you).

Vanquished Creatures
  A black bear (D:4)
  2 hounds (D:4)
  An orc priest (D:3)
  An iguana (D:3)
  Jessica (D:2)
  3 gnolls (D:3)
  5 adders
  5 dart slugs
  8 orcs
  7 bats
  5 endoplasms
  3 giant cockroaches
  3 goblins
  2 hobgoblins (D:1)
  3 jackals (D:1)
  2 quokkas
  4 ball pythons
  A frilled lizard (D:1)
  3 kobolds
  3 rats
63 creatures vanquished.

Notes
Turn   | Place    | Note
-------+----------+-------------------------------------------
     0 | D:1      | AlmostDecent the Formicid Hunter began the quest for the
                  | Orb.
     0 | D:1      | Reached XP level 1. HP: 16/16 MP: 1/1
    39 | D:1      | Found Heafuh's General Store.
   111 | D:1      | Reached XP level 2. HP: 22/22 MP: 2/2
   220 | D:1      | Reached XP level 3. HP: 28/28 MP: 3/3
   347 | D:1      | Reached skill level 5 in Ranged Weapons
   369 | D:1      | Found Wefaesodd's Antique Armour Shoppe.
   767 | D:2      | Noticed Jessica
   776 | D:2      | Killed Jessica
   777 | D:2      | Reached XP level 4. HP: 34/34 MP: 4/4
  1702 | D:3      | Reached XP level 5. HP: 39/39 MP: 5/5
  1758 | D:3      | Reached skill level 6 in Ranged Weapons
  2067 | D:3      | Reached XP level 6. HP: 46/46 MP: 6/6
  2374 | D:4      | Reached skill level 7 in Ranged Weapons
  2402 | D:4      | Found a staircase to the Ecumenical Temple.
  2413 | Temple   | Entered the Ecumenical Temple
  2427 | Temple   | Became a worshipper of Hepliaklqana the Forgotten
  2488 | D:4      | Noticed a black bear
  2495 | D:4      | Killed a black bear
  2496 | D:4      | Reached XP level 7. HP: 32/52 MP: 7/7
  2496 | D:4      | Noticed Edmund
  2504 | D:4      | Slain by Edmund

Illustrated notes

Levels and vault maps discovered:
D:1:      onia_arrival_mini_maze_b, layout_basic, serial_shops,
          nicolae_shop_rolling_square, nicolae_shop_window_shopping
D:2:      layout_basic, fountainhead, minmay_stone_trees_small, uniq_jessica
D:3:      layout_loops_ring
D:4:      layout_rooms, minmay_temple_entry_mist, portal_sewer_entry_d,
          uniq_edmund
Temple:   chequers_temple_sunken

Skill      XL: |  1  2  3  4  5  6 |
---------------+-------------------+-----
Ranged Weapons | 5 6 7 |  7.6
Fighting       | 3 |  3.0
Armour         | |  0.8
Dodging        | |  1.8
Stealth        | |  1.3

Action                     |  1- 3 |  4- 6 |  7- 9 || total
---------------------------+-------+-------+-------++-------
   Fire: Shortbow          |    37 |    36 |       ||    73
         Orcbow            |       |    84 |     7 ||    91
    Use: Potion            |       |       |     2 ||     2
 Armour: Leather armour    |     5 |    14 |    12 ||    31
  Dodge: Dodged            |       |    22 |     3 ||    25

Table legend: (Time is in decaauts)
 A = Elapsed time spent in this place.
 B = Non-inter-level travel time spent in this place.
 C = Inter-level travel time spent in this place.
 D = Time resting spent in this place.
 E = Time spent auto-exploring this place.
 F = Levels seen in this place.
 G = Mean time per level.
                   A        B        C        D        E       F      G
               +--------+--------+--------+--------+--------+-----+--------+
         Total |   2539 |   2226 |    313 |      0 |   1884 |   5 |  507.8 |
       Dungeon |   2508 |   2224 |    284 |      0 |   1884 |   4 |  627.0 |
        Temple |     31 |      3 |     28 |      0 |      0 |   1 |   31.0 |
               +--------+--------+--------+--------+--------+-----+--------+

Top non-repeatable levels by time:
     D:2: 1000 daAuts
     D:1: 710 daAuts
     D:3: 682 daAuts
     D:4: 115 daAuts
  Temple: 31 daAuts
